 Dungeon Crawl Stone Soup version 0.29-a0-1027-gcd8c55af63 (webtiles) character file.

Game seed: 9938205402230065313

21 27heaven the Magician (level 2, -4/19 HPs)
             Began as a Mummy Earth Elementalist on Aug 12, 2022.
             Slain by Terence
             ... wielding a +0 hand axe
              (5 damage)
             ... on level 2 of the Dungeon.
             The game lasted 00:03:10 (1373 turns).

27heaven the Magician (Mummy Earth Elementalist)    Turns: 1373, Time: 00:03:10

Health: -4/19      AC:  2    Str: 11    XL:     2   Next: 65%
Magic:  1/6        EV: 16    Int: 14    God:
Gold:   63         SH:  0    Dex: 12    Spells: 6/7 levels left

rFire   x . .      SeeInvis .   (no weapon)
rCold   + . .      Faith    .   (no shield)
rNeg    + + +      Spirit   .   a - +0 robe
rPois   ∞          Reflect  .   (no helmet)
rElec   .          Harm     .   (no cloak)
rCorr   .          Rampage  .   (no gloves)
Will    .....                   (no boots)
Stlth   ++........              (no amulet)
HPRegen 0.06/turn               e - +4 ring of evasion
MPRegen 0.10/turn               (no ring)

@: about to teleport
A: cold resistance 1, negative energy resistance 3, torment resistance 2, heat
vulnerability 1, no potions
a: no special abilities


You were on level 2 of the Dungeon.
You visited 1 branch of the dungeon, and saw 2 of its levels.

You collected 63 gold pieces.

Inventory:

Hand Weapons
 g - a +0 dagger of electrocution
Armour
 a - a +0 robe (worn)
Jewellery
 e - a +4 ring of evasion (left hand)
Scrolls
 b - a scroll of silence {unknown}
 c - a scroll of vulnerability {unknown}
 d - a scroll of teleportation
 f - a scroll of fog {unknown}
 h - a scroll of fear {unknown}


   Skills:
 - Level 1.5 Dodging
 - Level 1.5 Stealth
 + Level 3.2 Spellcasting
 + Level 1.3 Transmutations
 + Level 2.7 Earth Magic


You had 6 spell levels left.
You knew the following spells:

 Your Spells              Type           Power      Damage    Failure   Level
a - Sandblast             Erth           18%        2d7       7%          1

Your spell library contained the following spells:

 Spells                   Type           Power      Damage    Failure   Level
 Passwall                 Tmut/Erth      6%         N/A       14%         2
 Stone Arrow              Conj/Erth      12%        3d7       34%         3
 Petrify                  Tmut/Erth      8%         N/A       65%         4


Dungeon Overview and Level Annotations

Branches:
Dungeon (2/15)

Altars:
Trog

Annotations:
D:2 Terence


Innate Abilities, Weirdness & Mutations

You are immune to poison.
Your flesh is cold resistant. (rC+)
You are immune to negative energy. (rN+++)
You are immune to unholy pain and torment.
You are vulnerable to heat. (rF-)
You do not drink.


Message History

A rat comes into view.
The blast of sand hits Terence but does no damage.
Terence hits you with a +0 hand axe. Terence misses you.
Casting: Sandblast (safe; 7% risk of failure)
Confirm with . or Enter, or press ? or * to list all spells.
Aiming: Sandblast (safe; 7% risk of failure)
Press: ? - help, Shift-Dir - straight line, f/p - Terence
Aim: Terence, wielding a +0 hand axe and wearing a +0 scale mail (83% to hit)
The blast of sand hits Terence.
Terence is lightly wounded.
Terence hits you with a +0 hand axe. Terence barely misses you.
Unknown command.
Casting: Sandblast (safe; 7% risk of failure)
Confirm with . or Enter, or press ? or * to list all spells.
Aiming: Sandblast (safe; 7% risk of failure)
Press: ? - help, Shift-Dir - straight line, f/p - Terence
Aim: Terence, wielding a +0 hand axe and wearing a +0 scale mail (lightly wounded, 83% to hit)
The blast of sand hits Terence but does no damage.
Terence is lightly wounded.
The rat barely misses you. Terence barely misses you. x2
The rat barely misses you.
Your magical contamination has completely faded away.
Unknown command.
Casting: Sandblast (safe; 7% risk of failure)
Confirm with . or Enter, or press ? or * to list all spells.
Aiming: Sandblast (safe; 7% risk of failure)
Press: ? - help, Shift-Dir - straight line, f/p - Terence
Aim: Terence, wielding a +0 hand axe and wearing a +0 scale mail (lightly wounded, 83% to hit)
The blast of sand hits Terence.
Terence is lightly wounded.
The rat misses you. Terence hits you with a +0 hand axe. x2
* * * LOW HITPOINT WARNING * * *
The rat bites you.
* * * LOW HITPOINT WARNING * * *
Unknown command.
You can't drink.
As you read the scroll labelled ABIGECSIEPS, it crumbles to dust.
You feel strangely unstable.
It was a scroll of teleportation.
Terence hits you with a +0 hand axe.
You die...

.# #.......#.#.##....####
...........#.#.###.......
..[........#.#.###..#####
.........(...#...........
.........###.##########
.........#.........#
.#####...#.#######.#
#...........#.#
#@..#.......#.#
#@r.#.####..#.#
#...#.......#.#
#.#####.....#.####
#..#####.# #.#####.....
#..@.....# #.# ######
#...###### #.# ## #.# #.#


You could see Terence and a rat.

Vanquished Creatures
  A worm (D:2)
  2 bats (D:1)
  2 endoplasms (D:1)
  2 goblins
  3 hobgoblins (D:1)
  A kobold (D:2)
  2 ball pythons (D:2)
  2 frilled lizards
  3 rats
18 creatures vanquished.

Notes
Turn   | Place    | Note
-------+----------+-------------------------------------------
     0 | D:1      | 27heaven the Mummy Earth Elementalist began the quest for
                  | the Orb.
     0 | D:1      | Reached XP level 1. HP: 13/13 MP: 4/4
   404 | D:1      | Reached skill level 1 in Transmutations
   536 | D:1      | Reached skill level 3 in Spellcasting
   566 | D:1      | Found a faded altar of an unknown god.
   588 | D:1      | Reached XP level 2. HP: 19/19 MP: 3/6
   595 | D:1      | Prayed at the altar of an unknown god.
   595 | D:1      | Became a worshipper of Trog the Wrathful
   595 | D:1      | Reached * piety under Trog
   624 | D:1      | Fell from the grace of Trog
  1098 | D:2      | Paralysed by Trog for 4 turns
  1357 | D:2      | Noticed Terence
  1373 | D:2      | Slain by Terence

Illustrated notes

Levels and vault maps discovered:
D:1:      matt_arrival_diagonals, layout_loops_ring,
          hellmonk_ecumenical_altar_arch_garden
D:2:      layout_basic, minmay_split_cup_large, uniq_robin, uniq_terence

Skill      XL: |  1 |
---------------+----+-----
Transmutations | 1 |  1.3
Spellcasting   | 3 |  3.2
Dodging        | |  1.5
Stealth        | |  1.5
Earth Magic    | |  2.7

Action                   || total
-------------------------++-------
 Cast: Sandblast         ||    36
Invok: Renounce Religion ||     1
  Use: Scroll            ||     1
Armor: Robe              ||     2
Dodge: Dodged            ||    15

Table legend: (Time is in decaauts)
 A = Elapsed time spent in this place.
 B = Non-inter-level travel time spent in this place.
 C = Inter-level travel time spent in this place.
 D = Time resting spent in this place.
 E = Time spent auto-exploring this place.
 F = Levels seen in this place.
 G = Mean time per level.
                   A        B        C        D        E       F      G
               +--------+--------+--------+--------+--------+-----+--------+
         Total |   1408 |   1278 |    130 |    117 |    907 |   2 |  704.0 |
       Dungeon |   1408 |   1278 |    130 |    117 |    907 |   2 |  704.0 |
               +--------+--------+--------+--------+--------+-----+--------+

Top non-repeatable levels by time:
     D:1: 1042 daAuts
     D:2: 366 daAuts
